 Dungeon Crawl Stone Soup version 0.27-a0-1519-gc8121b24ce (webtiles) character file.

Game seed: 3417779001169966667

252 PentaManta the Ruffian (level 5, 54/54 HPs)
             Began as a Troll Abyssal Knight on July 10, 2021.
             Was a Believer of Lugonu.
             Got out of the dungeon alive.
             The game lasted 00:04:44 (2651 turns).

PentaManta the Ruffian (Troll Abyssal Knight)       Turns: 2651, Time: 00:04:45

Health: 54/54      AC:  4    Str: 20    XL:     5   Next: 89%
Magic:  5/5        EV: 10    Int:  9    God:    Lugonu [**....]
Gold:   141        SH:  0    Dex:  9    Spells: 4/4 levels left

rFire    . . .     SeeInvis .     - Unarmed
rCold    . . .     Faith    .   (no shield)
rNeg     . . .     Spirit   .   a - +0 robe
rPois    .         Reflect  .   (helmet restricted)
rElec    .         Harm     .   (no cloak)
rCorr    .         Rampage  .   (gloves unavailable)
Will     .....                  (boots unavailable)
Stlth    +.........             (no amulet)
HPRegen  1.18/turn              (no ring)
MPRegen  0.09/turn              (no ring)

@: no status effects
A: large, unfitting armour, claws 3, regeneration 1, shaggy fur 1, tough skin 1
a: Renounce Religion, Depart the Abyss, Bend Space


You escaped.
You worshipped Lugonu.
Lugonu was pleased with you.
You visited 1 branch of the dungeon, and saw 3 of its levels.
You visited the Abyss 1 time.

You collected 141 gold pieces.

Inventory:

Armour
 a - a +0 robe (worn)
Scrolls
 e - 2 scrolls of teleportation {unknown}
 f - a scroll of enchant weapon {unknown}
 i - a scroll of enchant armour {unknown}
 j - a scroll of amnesia {unknown}
Potions
 b - 3 potions of might {unknown}
 c - 5 potions of degeneration {unknown}
 d - a potion of ambrosia {unknown}
 g - a potion of haste
 h - a potion of cancellation {unknown}
 k - a potion of heal wounds {unknown}


   Skills:
 * Level 3.9 Fighting
 + Level 2.8 Dodging
 * Level 4.2 Unarmed Combat
 - Level 1.5 Invocations


You had 4 spell levels left.
You didn't know any spells.
Your spell library contained the following spells:

 Spells                   Type           Power      Damage    Failure   Level
 Magic Dart               Conj           0%         1d3       38%         1
 Blink                    Tloc           N/A        N/A       52%         2
 Call Imp                 Summ           0%         N/A       52%         2
 Passwall                 Tmut/Erth      0%         N/A       52%         2
 Slow                     Hex            0%         N/A       52%         2
 Confusing Touch          Hex            0%         N/A       77%         3
 Mephitic Cloud           Conj/Pois/Air  0%         N/A       77%         3
 Swiftness                Air            0%         N/A       77%         3
 Manifold Assault         Tloc           0%         N/A       100%        5
 Yara's Violent Unravell  Hex/Tmut       0%         3d3       100%        5
 Invisibility             Hex            0%         N/A       100%        6
 Storm Form               Tmut/Air       0%         N/A       100%        7


Dungeon Overview and Level Annotations

Branches:
Dungeon (3/15)

Altars:

Shops:
D:3 [[(=

Annotations:
D:1 1 exclusion


Innate Abilities, Weirdness & Mutations

You are too large for most types of armour.
You have claws for hands.
Your natural rate of healing is unusually fast.
You are covered in fur. (AC +1)
You have tough skin. (AC +1)


Message History

No target in view!
No target in view!
No target in view!
No target in view!
No target in view!
Things that are here:
a +0 short sword; 2 stones
There is an entrance to Opyetes's Armour Shoppe here.
Key pressed, stopping explore.
You see here 3 javelins.
There is an entrance to Celeddiff's Weapon Shoppe here.
You see here a +0 club.
Found a stone staircase leading down.
There is a stone staircase leading up here.
Done exploring.
Done exploring.
No target in view!
Done exploring.
Done exploring.
Done exploring.
You see here a +0 whip.
There is a stone staircase leading up here.
You climb upwards.
There is a stone staircase leading down here.
You open the door.
There is an open door here.
There is an open door here.
There is an escape hatch in the ceiling here.
A mysterious force pulls you upwards. The hatch slams shut behind you.
Level annotation: 1 exclusion Save game and exit?
Level annotation: 1 exclusion Welcome back, PentaManta the Troll Abyssal Knight.
Lugonu says: Spread carnage and corruption!
Press ? for a list of commands and other information.
You enter the shallow water.
Moving in this stuff is going to be slow.
There is a staircase leading out of the dungeon here.
Are you sure you want to leave the Dungeon?
This will make you lose the game!
You have escaped!

..'.#.......#.#.###...........#
..#.##.######.#...###.#.#########
###.##.#.#[...≈...≈##.#>........#
#.##...#.##≈♣≈.≈♣≈#.#########.#
#.##.#.#.#≈♣⌠♣≈♣⌠♣≈......# #.#
###.##.#.#.#.≈♣...♣≈######.####.#
.......#.#.#..≈...≈#######.#.##.#
..#.##.#.#.#..≈...≈..........##.#
#.#.##.#.#.#..≈.@.≈#.#####.#.##.#
#.#.##.#.#.#..≈...≈#.# #.#.##.#
#.#...........≈...≈#.#####.#.##.#
#.####.#.....≈♣....≈.....#.#.##.#
..# #.###.#≈♣⌠♣≈.⌠.≈###.#.#.##.#
######.###.##≈♣≈.≈.≈##.....#.##.#
...........###≈...≈###.#.###.##.#
.#####.##### ###.### #.#.# #.##.#
.....#....######.#####.#.# #.##.#


There were no monsters in sight!

Vanquished Creatures
  A necrophage (D:3)
  Natasha (thrice) (D:3)
  3 gnolls (D:2)
  An ufetubus (D:3)
  A dart slug (D:1)
  An orc (D:3)
  5 endoplasms
  A giant cockroach (D:3)
  6 hobgoblins
  6 jackals
  5 kobolds
  2 quokkas
  4 ball pythons
  9 bats
  2 frilled lizards
  2 goblins
  4 rats (D:3)
56 creatures vanquished.

Vanquished Creatures (others)
  4 toadstools (D:1)
4 creatures vanquished.

Grand Total: 60 creatures vanquished

Notes
Turn   | Place    | Note
-------+----------+-------------------------------------------
     0 | Abyss:1  | PentaManta the Troll Abyssal Knight began the quest for the
                  | Orb.
     0 | Abyss:1  | Reached XP level 1. HP: 22/22 MP: 1/1
    59 | Abyss:2  | Noticed a small abomination
    61 | Abyss:2  | Noticed a thrashing horror
    63 | D:1      | Escaped the Abyss
   339 | D:1      | Found a faded altar of an unknown god.
   457 | D:1      | Reached XP level 2. HP: 29/29 MP: 2/2
   583 | D:1      | Reached * piety under Lugonu
  1167 | D:2      | Reached XP level 3. HP: 36/36 MP: 3/3
  1280 | D:2      | Reached skill level 3 in Unarmed Combat
  1610 | D:3      | Found Valempoz's Jewellery Shop.
  1665 | D:3      | Noticed Natasha
  1698 | D:3      | Killed Natasha
  1699 | D:3      | Reached XP level 4. HP: 35/45 MP: 4/4
  1895 | D:3      | Noticed Natasha
  1907 | D:3      | Killed Natasha
  1932 | D:3      | Noticed Natasha
  1941 | D:3      | Killed Natasha
  1942 | D:3      | Reached XP level 5. HP: 49/53 MP: 5/5
  1991 | D:3      | Found Pautwini's Antique Armour Emporium.
  2085 | D:3      | Reached ** piety under Lugonu
  2118 | D:3      | Found Celeddiff's Weapon Shoppe.
  2209 | D:3      | Found Opyetes's Armour Shoppe.
  2211 | D:3      | Noticed a necrophage
  2228 | D:3      | Killed a necrophage
  2229 | D:3      | Reached skill level 4 in Unarmed Combat
  2651 | D:$      | Got out of the dungeon alive.

Illustrated notes

Levels and vault maps discovered:
D:1:      ldierk_water_garden, layout_basic,
          dreamdust_ecumenical_altar_angels_and_demons, due_unseen_surprise
D:2:      layout_basic, grunt_ministairs_14, minmay_misc_feat_secret_circle
D:3:      layout_basic, serial_shops, shop, nicolae_square_shop,
          nicolae_shop_trees, nicolae_shop_competitors_out_of_business,
          uniq_natasha

Skill      XL: |  1  2  3  4  5 |
---------------+----------------+-----
Dodging        | 2 |  2.8
Fighting       | 3 |  3.9
Unarmed Combat | 3 4 |  4.2
Invocations    | |  1.5

Action                   |  1- 3 |  4- 6 || total
-------------------------+-------+-------++-------
Melee: Unarmed           |   124 |    72 ||   196
       Punch             |     1 |       ||     1
Invok: Depart the Abyss  |     1 |       ||     1
Armor: Robe              |    50 |    18 ||    68
Dodge: Dodged            |    77 |    37 ||   114

Table legend: (Time is in decaauts)
 A = Elapsed time spent in this place.
 B = Non-inter-level travel time spent in this place.
 C = Inter-level travel time spent in this place.
 D = Time resting spent in this place.
 E = Time spent auto-exploring this place.
 F = Levels seen in this place.
 G = Mean time per level.
                   A        B        C        D        E       F      G
               +--------+--------+--------+--------+--------+-----+--------+
         Total |   2652 |   2534 |    118 |      0 |   2087 |   5 |  530.4 |
       Dungeon |   2589 |   2471 |    118 |      0 |   2082 |   3 |  863.0 |
         Abyss |     62 |     62 |      0 |      0 |      5 |   2 |   31.0 |
               +--------+--------+--------+--------+--------+-----+--------+

Top non-repeatable levels by time:
     D:3: 1002 daAuts
     D:1: 969 daAuts
     D:2: 617 daAuts
 Abyss:2: 33 daAuts
 Abyss:1: 29 daAuts
